 Dungeon Crawl Stone Soup version 0.23-a0-729-g94ec0301e6 (webtiles) character file.

849356 EnegeticOcto the Conqueror (level 27, -2/244 (249) HPs)
             Began as a Merfolk Berserker on Jan 15, 2019.
             Was the Champion of the Shining One.
             Killed from afar by Cerebov (39 damage)
             ... with a great blast of fire
             ... in Pandemonium on Jan 17, 2019.
             The game lasted 03:30:49 (88482 turns).

EnegeticOcto the Conqueror (Merfolk Berserker)     Turns: 88482, Time: 03:30:50

HP:   -2/244 (249)  AC: 38    Str: 27    XL:     27
MP:   20/37         EV: 28    Int:  6    God:    the Shining One [******]
Gold: 7511          SH: 14    Dex: 24    Spells: 26/26 levels left

rFire    + + .     SeeInvis +   K - +9 bardiche (holy)
rCold    + + +     Gourm    .   (shield currently unavailable)
rNeg     + + +     Faith    +   h - +8 gold dragon scales
rPois    +         Spirit   .   H - +2 hat
rElec    +         Reflect  .   p - +1 cloak of Starlight {rElec rC+ EV+4 Stlth--}
rCorr    .         Harm     .   o - +2 pair of gloves "Weh Xics" {rF+ rC+}
MR       +++..                  C - +1 pair of boots {Fly}
Stlth    ..........             U - amulet of faith
HPRegen  0.50/turn              B - ring of the Unstoppable Seas {rElec rF+ rN+ Slay+3 SInv}
MPRegen  0.25/turn              i - ring "Lyvvuc" {rElec rF+ MR+ Dex+4 Slay+3, =R}

@: mighty, divine shield, fire vulnerable, hasted, glowing, very quick
A: change form in water, swift swim, stealthy swim, thin metallic scales 1,
deformed body, deterioration 1, dopey 1, screaming 1
}: 8/15 runes: decaying, slimy, silver, obsidian, icy, bone, abyssal, gossamer
a: Divine Shield, Cleansing Flame, Summon Divine Warrior, Renounce Religion,
Evoke Flight


You were in Pandemonium.
You worshipped the Shining One.
The Shining One was exalted by your worship.
You were full.

You visited 16 branches of the dungeon, and saw 82 of its levels.
You visited Pandemonium 1 time, and saw 2 of its levels.
You visited the Abyss 1 time.
You visited 1 bazaar.
You also visited: Wizlab.

You collected 12839 gold pieces.
You spent 5328 gold pieces at shops.

Inventory:

Hand Weapons
 k - a +6 glaive of freezing
 K - a +9 bardiche of holy wrath (weapon)
 S - a +2 short sword of distortion {!w}
Missiles
 r - 25 tomahawks (quivered)
 W - 10 javelins of penetration
 X - 3 throwing nets {!f}
Armour
 b - a scarf of cloud immunity
 h - +8 gold dragon scales (worn)
 o - the +2 pair of gloves "Weh Xics" (worn) {rF+ rC+}
   (You found it on level 3 of the Elven Halls)

   It protects you from fire.
   It protects you from cold.
 p - the +1 cloak of Starlight (worn) {rElec rC+ EV+4 Stlth--}
   (You found it in a wizard's laboratory)

   It affects your evasion (+4).
   It protects you from cold.
   It insulates you from electricity.
   It makes you much less stealthy.
 C - a +1 pair of boots of flying (worn)
 H - a +2 hat (worn)
Jewellery
 d - the amulet "Covvouhi" {Faith Str+7 Int-2 Slay+4}
   (You took it off a red devil in Pandemonium)

   [amulet of faith]

   It allows you to gain divine favour quickly.
   It affects your strength (+7).
   It affects your intelligence (-2).
   It affects your accuracy and damage with ranged weapons and melee attacks
   (+4).
 i - the ring "Lyvvuc" (right hand) {rElec rF+ MR+ Dex+4 Slay+3, =R}
   (You found it on level 4 of the Vaults)

   [ring of slaying]

   It affects your dexterity (+4).
   It affects your accuracy and damage with ranged weapons and melee attacks
   (+3).
   It protects you from fire.
   It insulates you from electricity.
   It affects your resistance to hostile enchantments.
 y - an uncursed ring of resist corrosion
 B - the ring of the Unstoppable Seas (left hand) {rElec rF+ rN+ Slay+3 SInv}
   (You found it on level 5 of the Pits of Slime)

   [ring of positive energy]

   It affects your accuracy and damage with ranged weapons and melee attacks
   (+3).
   It protects you from fire.
   It insulates you from electricity.
   It protects you from negative energy.
   It lets you see invisible.
 U - an amulet of faith (around neck)
Wands
 v - a wand of digging (24)
 w - a wand of acid (45)
 A - a wand of iceblast (49)
 D - a wand of paralysis (16)
 E - a wand of scattershot (2)
 O - a wand of clouds (10)
Scrolls
 a - 8 scrolls of identify {@r1}
 f - 22 scrolls of teleportation {@r3 !r}
 j - a scroll of silence
 n - 17 scrolls of fog
 x - 2 scrolls of blinking {@r4}
 F - 4 scrolls of magic mapping {@r5 !r}
 J - a scroll of holy word
 L - 2 scrolls of summoning
 R - 12 scrolls of fear
 V - 5 scrolls of vulnerability
 Z - 9 scrolls of immolation
Potions
 e - 19 potions of curing {@q1}
 l - 5 potions of haste {@q4 !q}
 m - 3 potions of cancellation
 q - 5 potions of might {@q3 !q}
 u - 3 potions of mutation
 z - 5 potions of lignification {@q6 !q}
 G - 8 potions of agility {@q5 !q}
 I - 3 potions of resistance
 Q - 3 potions of ambrosia
Miscellaneous
 g - a lamp of fire
 s - 3 phantom mirrors
 t - 5 sacks of spiders
 M - 9 boxes of beasts
 N - a fan of gales
Comestibles
 c - 48 rations


   Skills:
 O Level 27 Fighting
 - Level 26.0 Polearms
 - Level 18.2 Throwing
 + Level 20.0 Armour
 - Level 24.4 Dodging
 + Level 20.9 Invocations
 - Level 15.2 Evocations


You had 26 spell levels left.
You didn't know any spells.
Your spell library contained the following spells:

 Spells                   Type           Power        Failure   Level  Hunger
 Animate Skeleton         Necr           N/A          99%         1    ##.....
 Apportation              Tloc           #.....       99%         1    ##.....
 Confusing Touch          Hex            #.....       99%         1    ##.....
 Sandblast                Erth           #.....       99%         1    ##.....
 Summon Small Mammal      Summ           #...         99%         1    ##.....
 Blink                    Tloc           N/A          100%        2    ###....
 Passwall                 Tmut/Erth      #.......     100%        2    ###....
 Shroud of Golubria       Chrm/Tloc      #.........   100%        2    ###....
 Song of Slaying          Chrm           #.......     100%        2    ###....
 Sublimation of Blood     Necr           #.........   100%        2    ###....
 Throw Flame              Conj/Fire      #.....       100%        2    ###....
 Throw Frost              Conj/Ice       #.....       100%        2    ###....
 Gell's Gravitas          Tloc           #.........   100%        3    ####...
 Lesser Beckoning         Tloc           #.........   100%        3    ####...
 Ozocubu's Armour         Chrm/Ice       #.......     100%        3    ####...
 Recall                   Summ/Tloc      N/A          100%        3    ####...
 Stone Arrow              Conj/Erth      #.....       100%        3    ####...
 Teleport Other           Tloc           #.......     100%        3    ####...
 Leda's Liquefaction      Hex/Erth       #.........   100%        4    #####..
 Passage of Golubria      Tloc           N/A          100%        4    #####..
 Petrify                  Tmut/Erth      #.......     100%        4    #####..
 Agony                    Necr           #.......     100%        5    ######.
 Aura of Abjuration       Summ           #.........   100%        5    ######.
 Bolt of Draining         Conj/Necr      #.........   100%        5    ######.
 Borgnjor's Vile Clutch   Necr/Erth      #.........   100%        5    ######.
 Dispel Undead            Necr           #.......     100%        5    ######.
 Lee's Rapid Deconstruct  Erth           #.........   100%        5    ######.
 Summon Demon             Summ           #.........   100%        5    ######.
 Summon Forest            Summ/Tloc      #.........   100%        5    ######.
 Summon Mana Viper        Hex/Summ       #.......     100%        5    ######.
 Death Channel            Necr           #.........   100%        6    #######
 Deflect Missiles         Chrm/Air       #.........   100%        6    #######
 Shadow Creatures         Summ           N/A          100%        6    #######
 Statue Form              Tmut/Erth      #........    100%        6    #######
 Orb of Destruction       Conj           #.........   100%        7    #######
 Death's Door             Chrm/Necr      #.........   100%        8    #######


Dungeon Overview and Level Annotations

Branches:
Dungeon (15/15)            Temple (1/1) D:5            Lair (6/6) D:9
  Swamp (4/4) Lair:4       Spider (4/4) Lair:3        Slime (5/5) Lair:5
    Orc (2/2) D:11            Elf (3/3) Orc:2        Vaults (5/5) D:14
  Crypt (3/3) Vaults:3       Tomb (0/3) Crypt:3      Depths (5/5) D:15
   Hell (1/1)                 Dis (7/7) Hell            Geh (7/7) Hell
    Coc (7/7) Hell            Tar (7/7) Hell            Zot (0/5) Depths:5

Altars:
Ashenzari
Cheibriados
Elyvilon
Fedhas
Gozag
Hepliaklqana
Kikubaaqudgha
Makhleb
Nemelex Xobeh
Okawaru
Qazlal
Sif Muna
Trog
Uskayaw
Vehumet
Xom
Yredelemnul
Zin
The Shining One
Beogh
Jiyva

Shops:
Orc:2 ??=[   Elf:1 ((   Elf:3 %   Vaults:3 [*[   Depths:4 ?!(:

Portals:
Hell: Depths:1 Depths:2 Depths:3 Depths:4 Depths:5
Abyss: Depths:4
Pandemonium: Depths:1 Depths:3
Ziggurat: Depths:1

Annotations:
D:2 exclusion: oklob plant
Elf:2 3 runed doors
Pan Cerebov


Innate Abilities, Weirdness & Mutations

You revert to your normal form in water.
You are very nimble and swift while swimming.
You are very stealthy in the water. (Stealth+)
You are partially covered in thin metallic scales. (AC +2)
Armour fits poorly on your strangely shaped body.
Your body sometimes deteriorates upon taking damage.
You are dopey. (Int -2)
You occasionally shout uncontrollably at your foes.


Message History

Cerebov gestures at you.
A raging storm of fire appears!
The great blast of fire engulfs you! You partially resist.
* * * LOW HITPOINT WARNING * * *
The great blast of fire engulfs Cerebov.
Cerebov partially resists.
The great blast of fire engulfs the balrug.
The balrug partially resists.
Cerebov shouts, "I will feast on thy gizzard!"
You slash Cerebov!
Cerebov convulses!!
Cerebov is severely wounded.
You are engulfed in blazing flames.
You resist.
You carve Cerebov like a ham!!!
Cerebov convulses!!
Cerebov is almost dead.
You are engulfed in blazing flames.
You resist.
* * * LOW HITPOINT WARNING * * *
Cerebov gestures at you.
A raging storm of fire appears!
The great blast of fire engulfs you! You partially resist.
You die...

#.......v.))v.2...v....
#...?......v.......v...
#........)).)..........
#.............&.v......
##.###########.........
#v# #2...#.... #°#
##....#.... #°##
##.....#.... #@##
##.#....#....
##&###&##....#....
##2#.###....##... ##2##
#######.#. #.## ## #.#
# ## .


You could see Cerebov, a hell beast, a balrug and a fire vortex.

Vanquished Creatures
  Antaeus (Coc:7)
  the Royal Jelly (Slime:5)
  Asmodeus (Geh:7)
  Ereshkigal (Tar:7)
  2 ancient liches
  A juggernaut (Abyss:4)
  A greater mummy (Depths:2)
  The ghost of Uler the Warrior, a veteran HuAr of Trog (Vaults:4)
  4 shard shrikes
  the Lernaean hydra (Swamp:4)
  Saint Roka (Depths:1)
  Geryon (Hell)
  Nikola (Swamp:4)
  A golden dragon (Depths:5)
  2 profane servitors (Crypt:3)
  14 bone dragons
  9 doom hounds
  10 liches
  18 Tzitzimimeh
  Jorgrun (Swamp:1)
  11 Brimstone Fiends
  3 iron giants
  3 Hell Sentinels
  11 Ice Fiends
  5 titans
  3 tentacled monstrosities
  6 deep elf blademasters
  2 deep elf master archers (Elf:3)
  8 ancient champions
  An eldritch tentacle (WizLab)
  4 tentacled starspawn
  3 quicksilver dragons
  3 sphinxes
  15 acid blobs
  Agnes (D:14)
  9 shadow dragons
  6 thorn hunters
  A draconian monk (Depths:5)
  7 tengu reavers
  4 storm dragons
  10 frost giants
  Roxanne (Spider:4)
  6 deep elf sorcerers
  2 revenants (Crypt:1)
  10 azure jellies
  13 balrugs
  14 vault wardens
  3 iron dragons
  5 curse skulls
  3 cacodemons
  6 emperor scorpions
  5 fire giants
  The ghost of Faluq Faqeu the Severer, a journeyman FoFi of Makhleb (Lair:4)
  The ghost of Faluq Faqeu the Severer, a journeyman FoFi of Makhleb (Lair:4)
  A warmonger (Pan)
  A caustic shrike zombie (Depths:3)
  A draconian shifter (Depths:5)
  9 deep elf elementalists
  4 ghost moths (Spider:4)
  5 ghouls (Crypt:3)
  2 elemental wellsprings (Coc:7)
  4 war gargoyles
  41 reapers
  7 vampire knights
  43 stone giants
  15 ironheart preservers
  The ghost of Oppylety the Bludgeoner, a journeyman GrFi of Okawaru (Lair:4)
  2 ophanim (Abyss:4)
  9 very ugly things
  Azrael (Orc:2)
  3 lorocyprocas
  4 entropy weavers (Spider:3)
  12 deep elf demonologists
  12 deep elf annihilators
  A black sun (Pan)
  A white draconian (Depths:5)
  10 spark wasps
  4 red draconians (Depths:5)
  A purple draconian (Depths:5)
  11 eidola
  2 green deaths
  16 ettins
  10 blizzard demons
  2 death oozes (Slime:5)
  10 deep elf death magi
  A merfolk javelineer (Depths:5)
  3 quicksilver dragon zombies
  11 jiangshi
  Josephine (Orc:1)
  A mummy priest (Crypt:3)
  A rakshasa (Vaults:2)
  3 fire dragons
  A kraken zombie (Coc:7)
  10 great orbs of eyes
  11 deep elf high priests
  A hell beast (Pan)
  3 quicksilver dragon skeletons
  12 yaktaur captains
  20 ice dragons
  An anaconda (shapeshifter) (Vaults:3)
  24 hydras
  2 shambling mangroves
  29 vault guards
  9 centaur warriors
  8 alligators
  7 death knights
  2 ghost crabs
  10 ogre magi
  14 dancing weapons
  3 thrashing horrors (WizLab)
  42 two-headed ogres
  6 deep troll shamans
  3 spriggan berserkers
  3 tengu warriors (Depths:5)
  9 deep troll earth magi
  4 titan zombies
  5 orc high priests (Orc:2)
  12 vampire magi
  9 hell hogs
  A queen ant (Spider:3)
  11 deep elf knights
  20 sun demons
  3 titan skeletons (Crypt:2)
  3 storm dragon zombies (Geh:7)
  4 iron golems
  A wretched star (Abyss:4)
  12 shadow wraiths
  7 iron trolls
  12 soul eaters
  14 hell knights
  2 golden dragon zombies
  A salamander mystic (Depths:3)
  3 ghost moth zombies
  3 sixfirhies
  2 cherubim (Abyss:4)
  4 storm dragon skeletons
  25 deep trolls
  2 spark wasp zombies (Depths:3)
  An unseen horror (shapeshifter) (Vaults:1)
  An entropy weaver zombie (Crypt:2)
  11 shadow demons
  11 unseen horrors
  A gelid demonspawn (Pan)
  A sea snake (D:13)
  135 skeletal warriors
  8 swamp dragons (Swamp:4)
  12 ironbrand convokers
  9 anaconda zombies
  2 glowing orange brains (Depths:3)
  12 flayed ghosts
  A spriggan druid (Swamp:4)
  3 shadow dragon zombies
  5 anaconda skeletons
  6 wizards
  2 torturous demonspawn (Pan)
  8 deep elf archers
  An obsidian statue (Elf:1)
  2 golden dragon skeletons
  14 necromancers
  4 wolf spider zombies
  26 phantasmal warriors
  13 orc knights
  4 shadow dragon skeletons
  A glowing shapeshifter (Vaults:5)
  3 iron dragon zombies
  18 orb spiders
  4 orc sorcerers
  A sphinx zombie (Depths:2)
  9 frost giant zombies
  3 tengu zombies
  22 ugly things
  5 fire giant zombies
  56 deep elf magi
  32 cyclopes
  25 wolf spiders
  3 manticores
  3 shining eyes
  3 moths of wrath
  4 frost giant skeletons
  A stone giant zombie (Dis:4)
  5 salamanders (Depths:3)
  A sphinx skeleton (Vaults:4)
  2 shock serpent zombies
  Joseph (Lair:1)
  An elf zombie (Depths:2)
  4 iron dragon skeletons
  4 titan simulacra
  20 rust devils
  5 fire giant skeletons
  2 eyes of devastation
  A dire elephant zombie (Coc:7)
  6 stone giant skeletons
  A guardian serpent (WizLab)
  3 smoke demons
  2 demonspawn skeletons (WizLab)
  22 vault sentinels
  An elephant (shapeshifter) (Depths:1)
  The ghost of Wolly the Ruffian, a novice DrTm of Nemelex Xobeh (D:8)
  13 molten gargoyles (Geh:7)
  An apocalypse crab (WizLab)
  2 guardian serpents (shapeshifter)
  7 storm dragon simulacra
  34 spiny frogs
  2 shock serpent skeletons
  A yaktaur zombie (Vaults:4)
  2 gargoyles
  4 black mambas
  14 orange demons
  A pale draconian zombie (Crypt:2)
  A green draconian zombie (Crypt:1)
  2 torpor snails (Spider:1)
  2 dire elephant skeletons
  A catoblepas zombie (Crypt:3)
  12 demonic crawlers
  A komodo dragon (shapeshifter) (Vaults:4)
  26 freezing wraiths
  A purple draconian zombie (Crypt:1)
  5 efreet
  3 emperor scorpion zombies
  17 hellions
  A rime drake (Lair:5)
  4 komodo dragons
  A yaktaur (shapeshifter) (Vaults:3)
  25 tormentors
  4 tengu conjurers
  An alligator snapping turtle skeleton (Crypt:2)
  32 yaktaurs
  2 anaconda simulacra (Coc:7)
  A minotaur skeleton (Hell)
  35 ice devils
  A golden dragon simulacrum (Hell)
  6 human skeletons
  13 hydra zombies
  3 hellwings
  5 guardian mummies
  19 red devils
  2 ancient zymes (WizLab)
  A catoblepas skeleton (Geh:3)
  A green draconian skeleton (Crypt:2)
  3 silent spectres
  9 trolls
  9 polar bears
  3 meliai (D:14)
  2 wind drakes
  A polar bear (shapeshifter) (D:15)
  A meliai (shapeshifter) (Vaults:4)
  The ghost of levstk the Sneak, a novice VSEn (D:4)
  2 harpy zombies (Geh:7)
  A tyrant leech (shapeshifter) (Depths:3)
  26 tyrant leeches
  24 hornets
  6 ice dragon zombies
  7 hydra skeletons
  44 jumping spiders
  27 blink frogs
  2 fire giant simulacra
  3 alligator zombies
  A hippogriff (shapeshifter) (Depths:5)
  A frost giant simulacrum (Vaults:2)
  A stone giant simulacrum (Coc:4)
  8 dream sheep (Lair:5)
  A tarantella zombie (Crypt:2)
  16 bog bodies
  4 raiju
  2 raiju (shapeshifter)
  59 slime creatures
  4 fire dragon zombies
  9 hippogriffs
  10 ettin zombies
  3 spriggan zombies (Depths:2)
  6 ettin skeletons
  2 ice dragon skeletons
  11 water elementals
  12 spriggans
  A black mamba zombie (Tar:6)
  23 tarantellas
  3 alligator skeletons
  93 flying skulls
  93 redbacks
  3 air elementals
  2 ushabtiu (Crypt:3)
  22 fire elementals
  70 yaks
  20 wraiths
  A wyvern (shapeshifter) (Vaults:4)
  3 ynoxinuls (Pan)
  15 shadows
  3 fire dragon skeletons
  3 hogs (D:9)
  A human (D:9)
  2 wyverns
  2 basilisks
  6 large abominations
  8 hungry ghosts
  A steam dragon (Lair:2)
  A vampire (D:10)
  4 black mamba skeletons
  A golden eye (shapeshifter) (Vaults:3)
  A chaos spawn (Abyss:4)
  3 golden eyes (Slime:5)
  Grum (D:9)
  27 vampire mosquitoes
  An emperor scorpion simulacrum (Coc:7)
  5 spatial vortices
  2 merfolk zombies
  3 acid dragons
  3 wargs
  17 swamp worms
  2 soldier ants (Spider:3)
  A gelid demonspawn zombie (Crypt:1)
  14 insubstantial wisps
  An infernal demonspawn skeleton (Crypt:2)
  7 spiny frog zombies
  A floating eye (shapeshifter) (Depths:1)
  6 hydra simulacra (Coc:7)
  3 porcupines
  60 hell hounds
  12 water moccasins
  A deep troll skeleton (Vaults:5)
  16 swamp drakes
  35 orc warriors
  9 ice beasts
  A black bear (shapeshifter) (Vaults:2)
  3 sky beasts
  9 black bears
  A manticore zombie (Tar:7)
  8 phantoms
  49 ogres
  4 snapping turtle zombies
  3 eyes of draining
  23 necrophages
  4 boggarts
  2 spiny frog skeletons (Hell)
  7 wolves
  An ettin simulacrum (Vaults:4)
  A swamp dragon zombie (Dis:1)
  11 centaurs
  4 snapping turtle skeletons
  20 crocodiles
  3 manticore skeletons
  A lindwurm skeleton (Crypt:1)
  3 swamp dragon skeletons
  A hippogriff zombie (Crypt:1)
  12 human zombies
  2 big kobolds
  28 bullfrogs
  3 earth elementals
  A salamander skeleton (Crypt:2)
  2 spiny frog simulacra
  A wyvern zombie (D:12)
  3 small abominations
  13 wyvern skeletons
  9 scorpions
  A snapping turtle simulacrum (Hell)
  25 wights
  18 killer bees
  5 howler monkeys
  3 electric eels
  A troll skeleton (Tar:5)
  18 crimson imps
  6 bullfrog zombies
  A human simulacrum (Vaults:1)
  4 quasits
  11 hounds
  A centaur zombie (D:8)
  2 jellies
  31 orc priests
  3 bullfrog skeletons
  10 centaur skeletons
  A gnoll shaman (D:10)
  14 iron imps
  30 orc wizards
  Terence (D:3)
  16 iguanas
  23 worker ants
  3 killer bee zombies
  A naga zombie (Tar:7)
  2 hound zombies
  An ogre skeleton (Crypt:2)
  8 mummies
  A worker ant zombie (D:9)
  Robin (D:3)
  9 gnolls
  16 adders
  A howler monkey skeleton (D:7)
  14 shadow imps
  14 white imps
  4 oozes (D:1)
  A worm (D:3)
  3 dart slugs
  15 leopard geckos
  79 orcs
  A ball python (D:4)
  4 giant cockroaches
  17 goblins
  13 hobgoblins
  5 jackals
  19 kobolds
  5 quokkas
  8 bats
  13 frilled lizards
  A frilled lizard skeleton (Crypt:1)
  A kobold skeleton (Crypt:2)
  2 kobold zombies
  A leopard gecko zombie (D:7)
  8 rats
  A butterfly (D:2)
  6 fire vortices (Pan)
  6 starspawn tentacles
  2 tentacles (Coc:7)
  A withered plant (Crypt:3)
3469 creatures vanquished.

Vanquished Creatures (collateral kills)
  An ancient lich (Vaults:4)
  An Ice Fiend (Coc:7)
  A Hell Sentinel (Dis:7)
  A deep elf blademaster (Elf:3)
  Frances (D:13)
  A thorn hunter (Swamp:4)
  Gastronok (Lair:1)
  2 azure jellies (Slime:5)
  A storm dragon (Vaults:4)
  A frost giant (Vaults:4)
  2 vault wardens
  An angel (Abyss:4)
  2 stone giants (Tar:5)
  The ghost of Oppylety the Bludgeoner, a journeyman GrFi of Okawaru (Lair:4)
  An entropy weaver (Spider:2)
  The ghost of Cemeysch the Thrower, a journeyman GnWn of Ashenzari (Lair:4)
  2 spark wasps (Spider:4)
  A blizzard demon (Coc:7)
  A death ooze (Slime:5)
  A great orb of eyes (Slime:5)
  A yaktaur captain (Vaults:1)
  2 hydras
  A rakshasa (WizLab)
  2 shambling mangroves
  A centaur warrior (Vaults:4)
  2 dancing weapons
  An ogre mage (Vaults:5)
  4 two-headed ogres
  A thrashing horror (Abyss:4)
  A wretched star (Abyss:4)
  A deep elf knight (Vaults:4)
  2 skeletal warriors
  2 iron trolls
  A storm dragon skeleton (Vaults:4)
  A large abomination (Vaults:5)
  A shadow demon (Tar:7)
  An obsidian statue (WizLab)
  A phantasmal warrior (Vaults:5)
  A necromancer (Vaults:4)
  4 wolf spiders
  An orb spider (Spider:4)
  A tengu skeleton (Vaults:4)
  A cyclops (Tar:5)
  A vault sentinel (Vaults:4)
  A spiny frog (Swamp:2)
  A torpor snail (Spider:2)
  2 freezing wraiths (Vaults:4)
  A hydra zombie (Coc:7)
  3 jumping spiders (Spider:4)
  3 hornets
  A tyrant leech (Swamp:4)
  A polar bear (Tar:5)
  8 slime creatures
  4 bog bodies
  10 redbacks (Spider:2)
  An ettin skeleton (Vaults:4)
  A shadow (Swamp:1)
  4 flying skulls
  8 vampire mosquitoes
  A swamp worm (Swamp:1)
  2 swamp drakes
  A necrophage (Tar:3)
  2 ogres
  2 bullfrogs (Lair:6)
  A spiny frog simulacrum (Coc:7)
  A small abomination (Abyss:4)
  A howler monkey (shapeshifter) (Vaults:5)
  A jelly (D:13)
120 creatures vanquished.

Vanquished Creatures (others)
  A reaper (Geh:7)
  A storm dragon zombie (Geh:7)
  A shadow wraith (Crypt:1)
  A ghost moth zombie (Geh:7)
  An anaconda zombie (Geh:7)
  2 deep elf archers
  A necromancer (Crypt:1)
  A tormentor (Geh:7)
  A bog body (Swamp:4)
  A shadow (Crypt:1)
  2 flying skulls
  A wraith (Crypt:1)
  A warg (Depths:1)
  A swamp drake (Swamp:1)
  A boggart (Vaults:2)
  A crocodile (Lair:5)
  A crimson imp (Pan)
  4 orc wizards (Orc:2)
  An iguana (Lair:5)
  An ogre zombie (Geh:7)
  A shadow imp (Orc:2)
  2 leopard geckos (Lair:5)
  2 orcs
  A frilled lizard (Lair:5)
  5 briar patches (Swamp:4)
  12 fungi
  27 plants
  4 starspawn tentacles
  5 tentacles (Coc:7)
84 creatures vanquished.

Grand Total: 3673 creatures vanquished

Notes
Turn   | Place    | Note
-------+----------+-------------------------------------------
     0 | D:1      | EnegeticOcto the Merfolk Berserker began the quest for the
                  | Orb.
     0 | D:1      | Reached XP level 1. HP: 18/18 MP: 1/1
    40 | D:1      | Reached skill level 5 in Polearms
    40 | D:1      | Reached XP level 2. HP: 20/24 MP: 2/2
   512 | D:1      | Reached XP level 3. HP: 22/30 MP: 3/3
   790 | D:1      | Reached ** piety under Trog
  1132 | D:2      | Reached skill level 4 in Fighting
  1244 | D:2      | Reached XP level 4. HP: 25/37 MP: 4/4
  2004 | D:2      | Found a shimmering altar of Xom.
  2155 | D:2      | Found a burning altar of Makhleb.
  2172 | D:2      | Reached XP level 5. HP: 31/43 MP: 5/5
  2303 | D:2      | Found a blossoming altar of Fedhas.
  2330 | D:2      | Noticed an oklob plant
  2663 | D:3      | Noticed a +0 dagger
  2664 | D:3      | Found a hide-covered altar of Uskayaw.
  2665 | D:3      | Noticed a +0 dagger
  2732 | D:3      | Noticed Terence
  2746 | D:3      | Killed Terence
  2864 | D:3      | Reached *** piety under Trog
  3236 | D:3      | Noticed Robin
  3276 | D:3      | Reached XP level 6. HP: 47/50 MP: 6/6
  3285 | D:3      | Killed Robin
  3526 | D:3      | Found a white marble altar of Elyvilon.
  3526 | D:3      | Found a deep blue altar of Sif Muna.
  3541 | D:3      | Found a bloodstained altar of Trog.
  3830 | D:4      | Found a shattered altar of Ashenzari.
  3900 | D:4      | Reached skill level 5 in Fighting
  3959 | D:4      | Got a jewelled leather armour
  3971 | D:4      | Identified the +0 leather armour of Zin's Fury {rC+ Stlth+}
                  | (You found it on level 4 of the Dungeon)
  4448 | D:4      | Reached XP level 7. HP: 56/56 MP: 7/7
  4679 | D:4      | Found a runed gate.
  4679 | D:4      | Found a runed gate.
  4679 | D:4      | Found an opulent altar of Gozag.
  4680 | D:4      | Found a runed gate.
  4710 | D:4      | Noticed levstk's ghost (novice VSEn)
  4930 | D:5      | Entered Level 5 of the Dungeon
  5059 | D:5      | Reached skill level 10 in Polearms
  5235 | D:5      | Reached skill level 6 in Fighting
  5329 | D:5      | Found an opulent altar of Gozag.
  5468 | D:5      | Reached XP level 8. HP: 58/65 MP: 8/8
  5664 | D:5      | Found a staircase to the Ecumenical Temple.
  6480 | D:6      | Reached **** piety under Trog
  6560 | D:6      | Reached skill level 7 in Fighting
  6560 | D:6      | Reached skill level 1 in Evocations
  6707 | D:6      | Found an iron altar of Okawaru.
  7076 | D:6      | Reached XP level 9. HP: 72/72 MP: 10/10
  7595 | D:7      | Reached skill level 5 in Dodging
  7854 | D:7      | Reached ***** piety under Trog
  7932 | D:7      | Reached skill level 8 in Fighting
  8400 | D:7      | Found a snail-covered altar of Cheibriados.
  8511 | D:7      | Found a hazy altar of Hepliaklqana.
  8829 | D:8      | Reached skill level 1 in Throwing
  9086 | D:8      | Reached XP level 10. HP: 77/81 MP: 13/13
  9188 | D:8      | Found a transporter.
  9192 | D:8      | Found a transporter.
  9192 | D:8      | Noticed Wolly's ghost (novice DrTm)
  9202 | D:8      | Noticed Psyche
  9207 | D:8      | Noticed Psyche
  9207 | D:8      | Psyche changed into Psyche the scorpion
  9210 | D:8      | Killed Psyche the scorpion
  9503 | D:9      | Found an ancient bone altar of Kikubaaqudgha.
  9546 | D:9      | Reached skill level 5 in Evocations
  9550 | D:9      | Reached skill level 9 in Fighting
  9697 | D:9      | Noticed Grum
  9718 | D:9      | Received a gift from Trog
  9723 | D:9      | Killed Grum
  9910 | D:9      | Got a smoking chain mail
  9921 | D:9      | Identified the +8 chain mail "Dirr" {rN+ Regen+ Int+6} (You
                  | found it on level 9 of the Dungeon)
 10397 | D:9      | Reached XP level 11. HP: 90/90 MP: 15/15
 10448 | D:9      | Found a staircase to the Lair.
 10560 | D:9      | Reached skill level 10 in Fighting
 10702 | D:10     | Entered Level 10 of the Dungeon
 11032 | D:10     | Received a gift from Trog
 11193 | D:10     | Received a gift from Trog
 11205 | D:10     | Reached skill level 10 in Dodging
 11217 | D:10     | Killed an unseen horror
 11511 | Lair:1   | Entered Level 1 of the Lair of Beasts
 11560 | Lair:1   | Reached skill level 5 in Throwing
 11604 | Lair:1   | Noticed Erica
 11607 | Lair:1   | Noticed Erica
 11607 | Lair:1   | Erica changed into Erica the wind drake
 11616 | Lair:1   | Killed Erica the wind drake
 11631 | Lair:1   | Reached skill level 11 in Fighting
 11739 | Lair:1   | Noticed Gastronok
 11740 | Lair:1   | Noticed a six-headed hydra
 11749 | Lair:1   | Killed Gastronok
 11758 | Lair:1   | Killed an eight-headed hydra
 11806 | Lair:1   | Noticed Joseph
 11832 | Lair:1   | Killed Joseph
 11846 | Lair:1   | Noticed Urug
 11847 | Lair:1   | Noticed Urug
 11847 | Lair:1   | Urug changed into Urug the cyclops
 11868 | Lair:1   | Reached XP level 12. HP: 97/100 MP: 16/16
 11875 | Lair:1   | Killed Urug the cyclops
 12468 | Lair:2   | Got a distressingly furry cloak
 12496 | Lair:2   | Reached skill level 12 in Fighting
 12516 | Lair:2   | Identified the cursed -6 cloak of Peek-a-Boo {rC- MR+
                  | Dex+2} (You found it on level 2 of the Lair of Beasts)
 13682 | Lair:3   | Received a gift from Trog
 14095 | Lair:3   | Noticed a seven-headed hydra
 14107 | Lair:3   | Killed a seven-headed hydra
 14251 | Lair:3   | Reached XP level 13. HP: 109/109 MP: 17/17
 14288 | Lair:3   | Found a hole to the Spider Nest.
 14475 | Lair:4   | Reached skill level 13 in Fighting
 14737 | Lair:4   | Found a staircase to the Swamp.
 14972 | Lair:4   | Found a runed gate.
 14972 | Lair:4   | Found a runed gate.
 14972 | Lair:4   | Found a runed gate.
 14974 | Lair:4   | Noticed Oppylety's ghost (journeyman GrFi)
 14974 | Lair:4   | Noticed Cemeysch's ghost (journeyman GnWn)
 14975 | Lair:4   | Noticed Faluq Faqeu's ghost (journeyman FoFi)
 14975 | Lair:4   | Noticed Oppylety's ghost (journeyman GrFi)
 14975 | Lair:4   | Noticed Faluq Faqeu's ghost (journeyman FoFi)
 15096 | Lair:4   | Received a gift from Trog
 15897 | Lair:5   | Reached skill level 10 in Throwing
 15928 | Lair:5   | Found a staircase to the Slime Pits.
 16277 | Lair:5   | Received a gift from Trog
 16571 | Lair:6   | Entered Level 6 of the Lair of Beasts
 16603 | Lair:6   | Reached skill level 14 in Fighting
 16788 | Lair:5   | Received a gift from Trog
 16858 | Lair:5   | Reached skill level 15 in Dodging
 17026 | Lair:6   | Reached XP level 14. HP: 120/120 MP: 18/18
 17085 | Lair:6   | Received a gift from Trog
 17548 | Lair:6   | Received a gift from Trog
 18616 | D:11     | Received a gift from Trog
 18835 | D:11     | Received a gift from Trog
 18901 | D:11     | Found a staircase to the Orcish Mines.
 19385 | Orc:1    | Entered Level 1 of the Orcish Mines
 19439 | Orc:1    | Noticed Josephine
 19454 | Orc:1    | Killed Josephine
 19454 | Orc:1    | Received a gift from Trog
 19658 | Orc:1    | Noticed Sonja
 19663 | Orc:1    | Noticed Sonja
 19663 | Orc:1    | Sonja changed into Sonja the tengu
 19664 | Orc:1    | Noticed Sonja
 19664 | Orc:1    | Sonja the tengu changed into Sonja the water moccasin
 19669 | Orc:1    | Killed Sonja the water moccasin
 19669 | Orc:1    | Reached skill level 15 in Fighting
 19883 | Orc:2    | Entered Level 2 of the Orcish Mines
 20004 | Orc:1    | Paralysed by an orc sorcerer for 5 turns
 20090 | Orc:2    | Received a gift from Trog
 20125 | Orc:2    | Found a staircase to the Elven Halls.
 20861 | Orc:2    | Reached ****** piety under Trog
 20876 | Orc:2    | Received a gift from Trog
 20884 | Orc:2    | Identified the +9 spear "Owkuul" {venom, *Corrode rPois
                  | Dex+3} (Trog gifted it to you on level 2 of the Orcish
                  | Mines)
 21543 | Orc:2    | Found Weytargh's Magic Scroll Emporium.
 21543 | Orc:2    | Found Vikhlyle's Magic Scroll Emporium.
 21562 | Orc:2    | Found Ymonuab's Armour Shoppe.
 21564 | Orc:2    | Found Keikumm's Jewellery Shoppe.
 21565 | Orc:2    | Noticed Azrael
 21583 | Orc:2    | Killed Azrael
 21583 | Orc:2    | Reached XP level 15. HP: 129/129 MP: 14/19
 21614 | Orc:2    | Bought a scroll of acquirement for 936 gold pieces
 21794 | Orc:2    | Found a roughly hewn altar of Beogh.
 22955 | D:13     | Received a gift from Trog
 23038 | D:13     | Noticed Frances
 23059 | D:13     | Killed Frances
 23059 | D:13     | Reached skill level 5 in Armour
 23228 | D:13     | Reached skill level 16 in Fighting
 23475 | D:13     | Received a gift from Trog
 23661 | D:13     | Noticed Nessos
 23662 | D:13     | Noticed Nessos
 23662 | D:13     | Nessos changed into Nessos the sea snake
 23671 | D:13     | Killed Nessos the sea snake
 24350 | D:14     | You fall through a shaft!
 24350 | D:15     | Entered Level 15 of the Dungeon
 24565 | D:14     | Noticed Agnes
 24573 | D:14     | Killed Agnes
 24818 | D:14     | Found a gate to the Vaults.
 25161 | Orc:2    | Bought a scroll of brand weapon for 360 gold pieces
 25602 | D:15     | Found a staircase to the Depths.
 25602 | D:15     | Noticed a frost giant
 25619 | D:15     | Killed a frost giant
 26288 | Swamp:1  | Entered Level 1 of the Swamp
 26288 | Swamp:1  | Noticed a thorn hunter
 26300 | Lair:4   | Reached XP level 16. HP: 137/139 MP: 18/20
 26324 | Swamp:1  | Killed a thorn hunter
 26524 | Swamp:1  | Received a gift from Trog
 26774 | Swamp:1  | Reached skill level 15 in Polearms
 27008 | Swamp:1  | Noticed Jorgrun
 27020 | Swamp:1  | Killed Jorgrun
 27357 | Swamp:2  | Noticed a thorn hunter
 27382 | Swamp:2  | Killed a thorn hunter
 27382 | Swamp:2  | Reached skill level 17 in Fighting
 27574 | Swamp:2  | Received a gift from Trog
 27741 | Swamp:2  | Paralysed by a hornet for 2 turns
 27761 | Swamp:2  | Paralysed by a hornet for 3 turns
 27785 | Swamp:2  | Noticed a thorn hunter
 27802 | Swamp:2  | Killed a thorn hunter
 28299 | Swamp:3  | Received a gift from Trog
 28574 | Swamp:3  | Noticed a thorn hunter
 28590 | Swamp:3  | Killed a thorn hunter
 28772 | Swamp:3  | Received a gift from Trog
 29160 | Swamp:4  | Entered Level 4 of the Swamp
 29160 | Swamp:4  | Noticed a thorn hunter
 29171 | Swamp:4  | Killed a thorn hunter
 29255 | Swamp:3  | Reached XP level 17. HP: 148/148 MP: 21/21
 29491 | Swamp:4  | Noticed Nikola
 29572 | Swamp:4  | Killed Nikola
 30265 | Swamp:4  | Noticed the 27-headed Lernaean hydra
 30273 | Swamp:4  | Killed the 27-headed Lernaean hydra
 30278 | Swamp:4  | Received a gift from Trog
 30351 | Swamp:4  | Received a gift from Trog
 30672 | Swamp:4  | Got a decaying rune of Zot
 30708 | Swamp:4  | Received a gift from Trog
 30725 | Swamp:4  | Reached skill level 15 in Throwing
 30752 | Swamp:4  | Identified the +8 glaive of Yniuplij {freeze, Str-4 Int+4
                  | Stlth+} (Trog gifted it to you on level 4 of the Swamp)
 31013 | Swamp:4  | Reached skill level 18 in Fighting
 31633 | Spider:1 | Entered Level 1 of the Spider Nest
 31869 | Spider:1 | Received a gift from Trog
 33600 | Spider:1 | Reached XP level 18. HP: 157/157 MP: 22/22
 33701 | Spider:2 | Received a gift from Trog
 34584 | Spider:2 | You fall through a shaft!
 34632 | Spider:3 | Received a gift from Trog
 35252 | Spider:3 | Received a gift from Trog
 35531 | Spider:3 | Received a gift from Trog
 36079 | Spider:3 | Found a roughly hewn altar of Beogh.
 36228 | Spider:4 | Entered Level 4 of the Spider Nest
 36855 | Spider:4 | Noticed Roxanne
 36870 | Spider:4 | Killed Roxanne
 37851 | Spider:4 | Reached skill level 10 in Armour
 37924 | Spider:4 | Received a gift from Trog
 37937 | Spider:4 | Reached XP level 19. HP: 104/165 MP: 0/24
 37939 | Spider:4 | Reached skill level 19 in Fighting
 38301 | Spider:4 | Got a gossamer rune of Zot
 39011 | Vaults:1 | Entered Level 1 of the Vaults
 39136 | Vaults:1 | Received a gift from Trog
 40508 | Vaults:2 | Got a brightly glowing steel ring
 40509 | Vaults:2 | Identified the ring "Biphutom" {+Inv Stlth-} (You found it
                  | on level 2 of the Vaults)
 40620 | Vaults:2 | Received a gift from Trog
 40705 | Vaults:2 | Found a magical portal.
 40758 | WizLab   | Entered The Roulette of Golubria
 40758 | WizLab   | Found a transporter.
 40778 | WizLab   | Found a corrupted altar of Lugonu.
 40810 | WizLab   | Found a transporter.
 40836 | WizLab   | Found a transporter.
 40888 | WizLab   | Found a transporter.
 40924 | WizLab   | Found a transporter.
 40929 | WizLab   | Found a transporter.
 40972 | WizLab   | Found the +2 cloak of the Thief {+Fog Slay-2 SInv Stlth+}
 41016 | WizLab   | Found a transporter.
 41095 | WizLab   | Found a transporter.
 41103 | WizLab   | Found a corrupted altar of Lugonu.
 41110 | WizLab   | Found a transporter.
 41200 | WizLab   | Found a transporter.
 41237 | WizLab   | Found a transporter.
 41263 | WizLab   | Found a transporter.
 41329 | WizLab   | Found a transporter.
 41329 | WizLab   | Found a transporter.
 41426 | WizLab   | Found a transporter.
 41573 | WizLab   | Found a transporter.
 41573 | WizLab   | Found a transporter.
 41596 | WizLab   | Received a gift from Trog
 41653 | WizLab   | Found the +1 cloak of Starlight {rElec rC+ EV+4 Stlth--}
 41687 | WizLab   | Identified the cursed +0 cloak of the Eternal Fruit {MR+
                  | Str+4} (You found it in a wizard's laboratory)
 41764 | WizLab   | Found a transporter.
 41810 | WizLab   | Found a transporter.
 41810 | WizLab   | Found a transporter.
 42344 | Vaults:2 | Received a gift from Trog
 42350 | Vaults:2 | Reached XP level 20. HP: 176/176 MP: 27/27
 42529 | Vaults:2 | Reached skill level 10 in Evocations
 42933 | Vaults:2 | Received a gift from Trog
 43072 | Vaults:2 | Identified the Reference Book on Icy Benedictions
 43231 | Vaults:2 | Reached skill level 20 in Fighting
 43556 | Vaults:3 | Received a gift from Trog
 43632 | Vaults:3 | Found Gozag's Antique Armour Emporium.
 43663 | Vaults:3 | Found an opulent altar of Gozag.
 43663 | Vaults:3 | Found Gozag's Assorted Antiques.
 43678 | Vaults:3 | Found Gozag's Antique Armour Shoppe.
 43713 | Vaults:3 | Bought a smoking tin ring for 500 gold pieces
 43713 | Vaults:3 | Identified the ring of the Hippo {*Tele rElec rF- rC+
                  | Int+4} (You bought it in a shop on level 3 of the Vaults)
 44375 | Vaults:3 | Received a gift from Trog
 44495 | Vaults:3 | Noticed a lich
 44499 | Vaults:3 | Killed a lich
 44502 | Vaults:3 | Found a staircase to the Crypt.
 44832 | Vaults:4 | Received a gift from Trog
 45091 | Vaults:4 | Received a gift from Trog
 45242 | Vaults:4 | Reached XP level 21. HP: 137/184 MP: 29/29
 45520 | Vaults:4 | Paralysed by a great orb of eyes for 2 turns
 45617 | Vaults:4 | Received a gift from Trog
 45849 | Vaults:4 | Received a gift from Trog
 45943 | Vaults:4 | Found Gahyrayl's Distillery.
 46271 | Vaults:4 | Noticed an ancient lich
 46287 | Vaults:4 | Killed an ancient lich
 46451 | Vaults:4 | Found a runed gate.
 46451 | Vaults:4 | Found a runed gate.
 46453 | Vaults:4 | Found a runed gate.
 46458 | Vaults:4 | Noticed Uler's ghost (veteran HuAr)
 46459 | Vaults:4 | Found an ancient bone altar of Kikubaaqudgha.
 46492 | Vaults:4 | Killed Uler's ghost
 46524 | Vaults:4 | Got a scintillating tin ring
 46525 | Vaults:4 | Identified the ring "Lyvvuc" {rElec rF+ MR+ Dex+4 Slay+3}
                  | (You found it on level 4 of the Vaults)
 46532 | Vaults:4 | Got an encrusted hat
 46533 | Vaults:4 | Identified the +1 hat of Axibunanal {+Blink Str+8 Int-2
                  | Dex-4} (You found it on level 4 of the Vaults)
 46911 | Elf:1    | Entered Level 1 of the Elven Halls
 47186 | Elf:1    | Reached skill level 21 in Fighting
 47248 | Elf:1    | Received a gift from Trog
 47344 | Elf:1    | Found a gateway to a bazaar.
 47535 | Elf:1    | Found Jungy's Antique Weapon Emporium.
 47567 | Elf:1    | Found Feobbublaxt's Weapon Shop.
 47732 | Elf:1    | Cast into level 4 of the Abyss (a deep elf sorcerer)
 47817 | Abyss:4  | Found a glowing golden altar of the Shining One.
 47909 | Abyss:4  | Noticed a juggernaut
 47915 | Abyss:4  | Killed a juggernaut
 47919 | Abyss:4  | Got an abyssal rune of Zot
 47924 | Elf:1    | Escaped the Abyss
 48237 | Bazaar   | Entered a bazaar
 48237 | Bazaar   | Found Vacogiagh's Armour Shoppe.
 48237 | Bazaar   | Found Zonown's Gadget Shop.
 48237 | Bazaar   | Found Xadumosk's Weapon Shoppe.
 48239 | Bazaar   | Found Vofyoce's Jewellery Shop.
 48239 | Bazaar   | Found Muosat's Book Emporium.
 48283 | Bazaar   | Bought a box of beasts for 240 gold pieces
 48283 | Bazaar   | Bought a wand of acid (8) for 288 gold pieces
 48283 | Bazaar   | Bought a box of beasts for 240 gold pieces
 48283 | Bazaar   | Bought a wand of acid (6) for 240 gold pieces
 48283 | Bazaar   | Bought a box of beasts for 240 gold pieces
 48364 | Elf:2    | Received a gift from Trog
 48463 | Elf:2    | Found a runed gate.
 48463 | Elf:2    | Found a runed gate.
 48464 | Elf:2    | Found a runed gate.
 48494 | Elf:2    | Received a gift from Trog
 48511 | Elf:2    | Reached XP level 22. HP: 190/194 MP: 31/31
 48635 | Elf:2    | Received a gift from Trog
 49075 | D:4      | Killed levstk's ghost
 49220 | D:8      | Killed Wolly's ghost
 49469 | Lair:4   | Killed Faluq Faqeu's ghost
 49500 | Lair:4   | Killed Oppylety's ghost
 49539 | Lair:4   | Killed Oppylety's ghost
 49547 | Lair:4   | Killed Faluq Faqeu's ghost
 49558 | Lair:4   | Killed Cemeysch's ghost
 49583 | Lair:4   | Identified the +7 scale mail "Vetrecs" {rF+ SInv} (You
                  | found it on level 4 of the Lair of Beasts)
 49906 | Elf:3    | Entered Level 3 of the Elven Halls
 50442 | Elf:3    | Found Nieloib's Food Shoppe.
 50447 | Elf:3    | Found a radiant altar of Vehumet.
 50664 | Elf:3    | Received a gift from Trog
 51489 | Elf:3    | Identified the +2 robe "Xoexoot" {rElec rF+ rC+}
 51903 | Elf:3    | Received a gift from Trog
 52007 | Elf:3    | Identified the ring of Ziadifeu {rC+ rN+ Dex+5 SInv}
 52025 | Elf:3    | Identified the +3 hand axe "Zimir" {freeze, MR+}
 52957 | Elf:3    | Identified Sazxupa's Papyrus of the Congealing Blaze
 53031 | Elf:3    | Identified the +2 pair of gloves "Weh Xics" {rF+ rC+} (You
                  | found it on level 3 of the Elven Halls)
 53369 | Depths:1 | Entered Level 1 of the Depths
 53587 | Depths:1 | Received a gift from Trog
 53610 | Depths:1 | Noticed Saint Roka
 53659 | Depths:1 | Killed Saint Roka
 53814 | Depths:1 | Received a gift from Trog
 53814 | Depths:1 | Reached XP level 23. HP: 202/202 MP: 33/33
 53897 | Depths:1 | Found a gateway to a ziggurat.
 53908 | Depths:1 | Reached skill level 22 in Fighting
 53967 | Depths:1 | Found a sparkling altar of Nemelex Xobeh.
 54111 | Depths:1 | Received a gift from Trog
 54468 | Depths:1 | Found a gateway to Hell.
 54479 | Depths:1 | Received a gift from Trog
 54512 | Depths:1 | Found a one-way gate leading to the halls of Pandemonium.
 55628 | Depths:2 | Noticed a greater mummy
 55675 | Depths:2 | Killed a greater mummy
 55683 | Depths:2 | Received a gift from Trog
 55954 | Depths:3 | Received a gift from Trog
 56406 | Depths:3 | Received a gift from Trog
 57269 | Depths:4 | Found a one-way gate to the infinite horrors of the Abyss.
 57594 | Depths:4 | Reached skill level 15 in Evocations
 57731 | Depths:4 | Found Illug's Antique Weapon Shop.
 57734 | Depths:4 | Found Ripso's Book Shop.
 57734 | Depths:4 | Found Tetzy's Magic Scroll Boutique.
 57739 | Depths:4 | Found Voshak's Distillery.
 57748 | Depths:4 | Bought a scroll of acquirement for 884 gold pieces
 57749 | Depths:4 | Found the +3 warlock's mirror {reflect}
 57768 | Depths:4 | Identified the ring "Kuicosou" {Dex+3 Stlth-} (You found it
                  | on level 4 of the Depths)
 58398 | Depths:5 | Entered Level 5 of the Depths
 58412 | Depths:5 | Received a gift from Trog
 58480 | Depths:5 | Reached XP level 24. HP: 212/212 MP: 34/34
 58488 | Depths:5 | Received a gift from Trog
 58701 | Depths:4 | Bought a scroll of enchant armour for 127 gold pieces
 59001 | Orc:2    | Bought a scroll of identify for 20 gold pieces
 59001 | Orc:2    | Bought a scroll of enchant armour for 75 gold pieces
 59001 | Orc:2    | Bought a scroll of enchant weapon for 75 gold pieces
 59001 | Orc:2    | Bought a scroll of fog for 20 gold pieces
 59001 | Orc:2    | Bought a scroll of magic mapping for 35 gold pieces
 59001 | Orc:2    | Bought a scroll of fog for 20 gold pieces
 59001 | Orc:2    | Bought a scroll of identify for 20 gold pieces
 59001 | Orc:2    | Bought a scroll of teleportation for 30 gold pieces
 59001 | Orc:2    | Bought a scroll of fear for 35 gold pieces
 59001 | Orc:2    | Bought a scroll of teleportation for 30 gold pieces
 59002 | Orc:2    | Bought a scroll of identify for 36 gold pieces
 59310 | Slime:1  | Entered Level 1 of the Pits of Slime
 59354 | Slime:2  | Gained mutation: Armour fits poorly on your strangely
                  | shaped body. [a shining eye]
 59356 | Slime:2  | Gained mutation: Your magical capacity is low. (-10% MP) [a
                  | shining eye]
 59938 | Slime:4  | Received a gift from Trog
 60011 | Slime:5  | Entered Level 5 of the Pits of Slime
 60321 | Slime:5  | Found a viscous altar of Jiyva.
 60321 | Slime:5  | Noticed the Royal Jelly
 60349 | Slime:5  | Killed the Royal Jelly
 60624 | Slime:5  | Got a slimy rune of Zot
 60663 | Slime:5  | Got a brightly glowing turquoise ring
 60664 | Slime:5  | Identified the ring of the Unstoppable Seas {rElec rF+ rN+
                  | Slay+3 SInv} (You found it on level 5 of the Pits of Slime)
 60702 | Slime:5  | Lost mutation: Armour fits poorly on your strangely shaped
                  | body. [potion of mutation]
 60702 | Slime:5  | Lost mutation: Your magical capacity is low. (-10% MP)
                  | [potion of mutation]
 60702 | Slime:5  | Gained mutation: You occasionally shout uncontrollably at
                  | your foes. [potion of mutation]
 60702 | Slime:5  | Gained mutation: You are partially covered in thin metallic
                  | scales. (AC +2) [potion of mutation]
 61456 | Depths:5 | Received a gift from Trog
 61590 | Depths:5 | Reached skill level 23 in Fighting
 61764 | Depths:5 | Reached skill level 15 in Armour
 61882 | Depths:5 | Received a gift from Trog
 62039 | Depths:5 | Received a gift from Trog
 62444 | Depths:5 | Found a gate to the Realm of Zot.
 63293 | Vaults:5 | Entered Level 5 of the Vaults
 63324 | Vaults:4 | Reached XP level 25. HP: 221/221 MP: 34/34
 63355 | Vaults:4 | Received a gift from Trog
 63473 | Vaults:4 | Received a gift from Trog
 63765 | Vaults:4 | Received a gift from Trog
 64642 | Vaults:5 | Received a gift from Trog
 65559 | Vaults:5 | Noticed an ancient lich
 65572 | Vaults:5 | Killed an ancient lich
 65767 | Vaults:5 | Received a gift from Trog
 66422 | Vaults:5 | Got a silver rune of Zot
 66510 | Vaults:5 | Received a gift from Trog
 66816 | Vaults:5 | Reached XP level 26. HP: 154/230 MP: 34/34
 67107 | Vaults:5 | Received a gift from Trog
 67299 | Vaults:5 | Identified the ring "Kinima" {rC+ MP+9 Str+7}
 67402 | Vaults:5 | Identified the cursed +1 leather armour of Ennui {rPois rC+
                  | Int+4}
 67432 | Vaults:5 | Identified the amulet of Ravungy {Reflect *Corrode rF+
                  | Dex+2 SH+4}
 67433 | Vaults:5 | Identified the amulet "Kedur" {RegenMP rC- rN+ Int+3 SInv}
 67963 | Vaults:3 | Bought a scroll of enchant weapon for 750 gold pieces
 68232 | Depths:4 | Bought a scroll of enchant weapon for 127 gold pieces
 68592 | Temple   | Entered the Ecumenical Temple
 68619 | Temple   | Fell from the grace of Trog
 68619 | Temple   | Became a worshipper of the Shining One
 68934 | Crypt:1  | Entered Level 1 of the Crypt
 68957 | Crypt:1  | Reached * piety under the Shining One
 69192 | Crypt:1  | Reached ** piety under the Shining One
 69215 | Crypt:1  | Reached skill level 1 in Invocations
 69250 | Crypt:1  | Found a transporter.
 69251 | Crypt:1  | Found a transporter.
 69273 | Crypt:1  | Reached *** piety under the Shining One
 69350 | Crypt:1  | Noticed an ancient lich
 69653 | Crypt:1  | Reached **** piety under the Shining One
 69796 | Crypt:1  | Got a translucent golden amulet
 69797 | Crypt:1  | Identified the amulet of Equivalence {+Rage rF+ Str-4
                  | Slay+3} (You found it on level 1 of the Crypt)
 70041 | Crypt:2  | Reached ***** piety under the Shining One
 70595 | Crypt:2  | Reached ****** piety under the Shining One
 70816 | Crypt:1  | Identified a +9 bardiche of holy wrath (a +8 bardiche of
                  | flaming blessed by the Shining One)
 70816 | Crypt:1  | Received a gift from the Shining One
 70825 | Crypt:1  | Reached skill level 24 in Fighting
 70828 | Crypt:1  | Killed an ancient lich
 71253 | Crypt:1  | Got a twisted hat
 71254 | Crypt:1  | Identified the +2 hat "Luteiw" {*Corrode rF+++ Int-3 Dex+5}
                  | (You found it on level 1 of the Crypt)
 71466 | Crypt:2  | Reached skill level 5 in Invocations
 71646 | Crypt:3  | Entered Level 3 of the Crypt
 72130 | Crypt:3  | Found a basalt altar of Yredelemnul.
 72145 | Crypt:3  | Reached XP level 27. HP: 213/238 MP: 34/34
 72970 | Crypt:3  | Found a staircase to the Tomb.
 73462 | Crypt:3  | Identified Ereshkigal's Grimoire of Evil Arts
 73591 | Crypt:3  | Identified the ring "Kiligi" {rC+ rN+}
 73704 | Crypt:3  | Got a shimmering bronze ring
 73705 | Crypt:3  | Identified the ring "Bawuik" {*Drain rN+ MR++ Str+2 Dex-4
                  | Stlth+} (You found it on level 3 of the Crypt)
 73990 | Crypt:3  | Identified the Compendium of the Wheelwright
 74396 | Hell     | Entered the Vestibule of Hell
 74396 | Hell     | Noticed Geryon
 75233 | Hell     | Killed Geryon
 75619 | Hell     | Reached skill level 10 in Invocations
 75718 | Hell     | Found a gateway to the decaying netherworld of Tartarus.
 75905 | Hell     | Found a gateway to the ashen valley of Gehenna.
 75971 | Hell     | Found a gateway to the Iron City of Dis.
 76057 | Hell     | Found a gateway to the freezing wastes of Cocytus.
 76663 | Tar:1    | Entered Level 1 of Tartarus
 76722 | Tar:1    | You fall through a shaft!
 78230 | Hell     | The Shining One protects you from harm!
 79328 | Tar:5    | Paralysed by Trog for 7 turns
 80492 | Tar:7    | Entered Level 7 of Tartarus
 80496 | Tar:7    | Reached skill level 15 in Invocations
 80748 | Tar:7    | HP: 12/240 [stone giant[the rage of Trog] (27)]
 81333 | Tar:7    | Noticed Ereshkigal
 81354 | Tar:7    | Killed Ereshkigal
 81417 | Tar:7    | Got a bone rune of Zot
 81452 | Tar:7    | Was forgiven by Trog
 81482 | Tar:7    | Reached skill level 25 in Fighting
 81982 | D:3      | Upgraded the game from 0.23-a0-710-gaad00d04af to
                  | 0.23-a0-729-g94ec0301e6
 82399 | Coc:1    | Entered Level 1 of Cocytus
 82642 | Coc:3    | You fall through a shaft!
 82758 | Coc:5    | You fall through a shaft!
 82790 | Coc:7    | Entered Level 7 of Cocytus
 82889 | Coc:7    | Gained mutation: Your body sometimes deteriorates upon
                  | taking damage. [mutagenic glow]
 82915 | Coc:7    | Gained mutation: Armour fits poorly on your strangely
                  | shaped body. [mutagenic glow]
 83335 | Coc:7    | Noticed Antaeus
 83350 | Coc:7    | Was placed under penance by the Shining One
 83356 | Coc:7    | Killed Antaeus
 83378 | Coc:7    | Got an icy rune of Zot
 83385 | Coc:7    | Identified the Almanac of Stones
 83395 | Coc:7    | Identified the +5 hand crossbow "Gobit" {velocity, *Drain
                  | rPois rN++ MR-} (You found it on level 7 of Cocytus)
 83558 | Coc:7    | Reached skill level 26 in Fighting
 83644 | Coc:7    | Was forgiven by the Shining One
 83789 | Geh:1    | Entered Level 1 of Gehenna
 83940 | Geh:7    | Entered Level 7 of Gehenna
 84082 | Geh:7    | Gained mutation: You are dopey. (Int -2) [mutagenic glow]
 84324 | Geh:7    | Identified the amulet of Lauwyuro {Reflect rPois MR- Int+2
                  | Slay+5 SH+3} (You found it on level 7 of Gehenna)
 84698 | Geh:7    | Identified the +7 sceptre of Asmodeus
 84698 | Geh:7    | Noticed Asmodeus
 84771 | Geh:7    | Killed Asmodeus
 84793 | Geh:7    | Got a glittering tin ring
 84794 | Geh:7    | Identified the ring of Hod Kat {rPois Stlth-} (You found it
                  | on level 7 of Gehenna)
 84798 | Geh:7    | Identified the Catalogue of Sinister Rituals and Arcane
                  | Weapons
 84801 | Geh:7    | Got a translucent amber ring
 84802 | Geh:7    | Identified the ring "Zelo Dofie" {rElec MR+ Int+8 Dex-5
                  | Slay+3} (You found it on level 7 of Gehenna)
 84823 | Geh:7    | Got an obsidian rune of Zot
 85223 | Dis:1    | Entered Level 1 of the Iron City of Dis
 85748 | Dis:3    | You are sucked into a shaft for 2 floors!
 86681 | Dis:6    | Reached skill level 27 in Fighting
 86695 | Dis:7    | Entered Level 7 of the Iron City of Dis
 87793 | Pan      | Entered Pandemonium
 88022 | Pan      | Entered the realm of Cerebov.
 88312 | Pan      | Identified the ring of Temptation {rElec rPois MP+9 Str+2
                  | Dex-2}
 88381 | Pan      | Identified the amulet "Covvouhi" {Faith Str+7 Int-2 Slay+4}
 88448 | Pan      | Identified the +6 sword of Cerebov {flame}
 88448 | Pan      | Noticed Cerebov
 88449 | Pan      | Identified the ring "Zoaps" {EV+1 Dex+6}
 88482 | Pan      | Killed from afar by Cerebov

Vault maps used:
D:1:      dpeg_arrival_rhombi, minmay_tripent
D:2:      xom_butterflies, makhleb_heckhound_becter, tgw_fedhas
D:3:      minmay_evil_eye, bloody_trog, gammafunk_temple_overflow_elements,
          dancing_weapons_uskayaw, first_ration, dk_noncrumbling_3,
          grunt_decor_cap, uniq_terence, uniq_robin
D:4:      lemuel_crystal_altar, ebering_ghost_gozag
D:5:      lemuel_doored_altar, minmay_temple_entry_wispy,
          ebering_dispersal_statue_hall
D:6:      lemuel_crystal_altar, serial_curves, eino_curves_01, eino_curves_02
D:7:      minmay_razor_zed, kennysheep_little_box, kennysheep_mini_moat
D:8:      gammafunk_ghost_hive, uniq_psyche
D:9:      kiku_gazebo_pond_becter, lair_entry_dummy, grunt_livestock, uniq_grum
D:10:     serial_bayou_crossing
D:11:     erik_orc_1, item_on_display_a
D:12:     kennysheep_path_1, st_stairs_12
D:13:     serial_bayou_ford_a, uniq_frances, uniq_nessos
D:14:     david_vaults_5, kennysheep_generic_room_11, uniq_agnes
D:15:     grunt_enter_depths_snipers, serial_bayou_shore_b, minmay_misc_feat_x
Temple:   jpeg_temple_alley_garden
Lair:1:   uniq_gastronok, uniq_urug, uniq_joseph, uniq_erica
Lair:3:   dummy_spider_entry, forest_entry_grove
Lair:4:   palyth_hydra_swamp_entry, gammafunk_ghost_cemetery, grunt_megastairs_4
Lair:5:   lemuel_reptile_caves, slime_dummy, serial_bayou_lake_a
Lair:6:   minmay_lair_end_frog_pond, serial_bayou_lagoon_a,
          serial_bayou_shore_b, grunt_megastairs_3, serial_bayou_shore_b,
          infiniplex_staircase_pool
Swamp:1:  hangedman_swamp_ruin_wall, uniq_jorgrun
Swamp:2:  nicolae_swamp_dense_foliage, swamp_pool1
Swamp:3:  evilmike_swamp_ruin_house_2
Swamp:4:  grunt_swamp_rune_castle, swamp_pool1, uniq_nikola
Spider:3: nicolae_spider_mines_2, nicolae_spider_ant_collections
Spider:4: grunt_spider_rune_parallel, uniq_roxanne
Slime:2:  cheibrodos_slime_lost_civilization_5
Slime:3:  nicolae_slime_barrier
Slime:4:  cheibrodos_slime_lost_civilization_9, uniq_dissolution
Orc:1:    uniq_josephine, uniq_sonja
Orc:2:    st_orc_mages, basic_altar, hangedman_minor_magic, uniq_azrael
Elf:1:    eino_elf_arrival_sip, serial_shops, statue_bzr, shop,
          nicolae_shop_behind_doors, hangedman_elf_represent
Elf:2:    minmay_misc_feat_rows
Elf:3:    minmay_elf_hall_not_hex, serial_shops, shop_statue, basic_altar
Vaults:1: nicolae_vaults_little_squares_5, v_misc_16, vaults_dpeg_ring,
          nicolae_vaults_little_squares_2, v_misc_29,
          nicolae_vaults_mini_display_case, vaults_room_corners,
          nicolae_vaults_border_crossing, nicolae_vaults_little_squares_1
Vaults:2: vaults_room_ringed_pool, nicolae_vaults_little_squares_6,
          nicolae_vaults_angled_halls, nicolae_vaults_c_with_doors,
          vaults_room_fancy_cross, v_misc_31, v_pattern_3,
          ontoclasm_vaults_tryst, vaults_room_corners, v_misc_22,
          nicolae_vaults_diagonal_hallway_8, hangedman_vaults_trim,
          mu_enter_wizlab_6
Vaults:3: v_rooms_2, kennysheep_vaults_gozag_temple, vaults_dpeg_diagonal,
          hangedman_vaults_stitches, v_misc_1, v_misc_29, v_misc_8,
          nicolae_vaults_circle_grid_b, minmay_crypt_entry_nasty_monster,
          serial_glass
Vaults:4: gammafunk_vaults_ghost_crypt, st_hourglassy,
          nicolae_vaults_circle_grid_b, v_alt_pattern_4, hangedman_vaults_locks,
          v_misc_13, hangedman_vaults_nodes, hangedman_vaults_river_flow,
          nicolae_vaults_little_squares_4, hangedman_vaults_maws,
          nicolae_vaults_asterisk, nicolae_vaults_ring_of_whatevers,
          vaults_mumra_hex, serial_shops, nicolae_shop_trees
Vaults:5: serial_shops
Crypt:1:  gammafunk_the_bubble, minmay_misc_feat_five,
          grunt_crypt_arrival_guarded_gate
Crypt:2:  minmay_skeleton_keep, minivault_19
Crypt:3:  evilmike_haunted_forest
Depths:1: enter_ziggurat_d, serial_sigils_hangedman_clutch,
          rand_demon_pan_entry_4, hell_entry, nemelex_xobeh_ov_fountains_minmay,
          uniq_saint_roka
Depths:2: lemuel_minitomb, chequers_serial_rivers_micro_c, hell_entry
Depths:3: minmay_curly_fans, wad_floor_pattern_untrapped, grunt_hell_horde,
          pan_entry
Depths:4: grunt_double_whammy, grunt_hell_entry_dis_grunt, abyss_entry,
          minmay_misc_feat_more_columns, infiniplex_staircase_star,
          minmay_shoptagon
Depths:5: grunt_zot_entry_alcove, pf_dread_powers_of_hell,
          hangedman_abyss_or_decor_slice, grunt_megastairs_2
Dis:1:    hangedman_player_shredder
Dis:7:    iron_city_of_dis
Geh:1:    minmay_firetagon, gehenna_fire_generator
Geh:3:    lemuel_flamethrower_2
Geh:4:    evilmike_ambush
Geh:7:    geh_mu
Coc:7:    coc_old
Tar:2:    nicolae_tar_cuneiform_two
Tar:4:    hangedman_snap_crack_crunch
Tar:6:    nicolae_tar_cuneiform_oil
Tar:7:    tar_mu
Abyss:4:  evilmike_abyss_rune_tso_outpost, hangedman_abyss_or_decor_lesser_grid
Pan:      rand_demon_8, nicolae_pan_mnolegish_1, nicolae_pan_sigil_itan,
          cerebov_grunt
Bazaar:   bazaar_minmay_generic_island
WizLab:   wizlab_golubria

Skill      XL: |  1  2  3  4  5  6  7  8  9 10 11 12 13 14 15 16 17 18 19 20 21 22 23 24 25 26 27 |
---------------+----------------------------------------------------------------------------------+-----
Polearms       | 5 6 7 8 9 11 12 14 16 17 18 20 22 26 | 26.0
Fighting       | 4 5 6 7 8 9 11 12 14 15 16 17 18 19 20 21 22 23 24 27 | 27.0
Dodging        | 4 6 9 11 13 15 16 18 20 22 23 24 | 24.4
Evocations     | 2 4 6 7 9 11 12 14 15 | 15.2
Throwing       | 1 3 6 8 10 12 13 14 15 16 17 18 | 18.2
Armour         | 4 6 7 9 10 11 12 13 14 15 16 20 | 20.0
Invocations    | 6 20 | 20.9

Action                   |  1- 3 |  4- 6 |  7- 9 | 10-12 | 13-15 | 16-18 | 19-21 | 22-24 | 25-27 || total
-------------------------+-------+-------+-------+-------+-------+-------+-------+-------+-------++-------
Melee: Spear             |    98 |   272 |   134 |       |       |       |       |       |       ||   504
       Trident           |       |       |   462 |   491 |       |       |       |       |       ||   953
       Demon trident     |       |       |       |   382 |  1826 |  2023 |  1095 |       |       ||  5326
       Tailslap          |       |       |       |       |     8 |    37 |       |     4 |    19 ||    68
       Glaive            |       |       |       |       |       |       |  1106 |  2236 |  1324 ||  4666
       Bardiche          |       |       |       |       |       |       |       |       |  2603 ||  2603
Throw: Tomahawk          |       |       |       |       |    73 |   224 |    56 |   164 |    60 ||   577
       Javelin           |       |       |       |       |       |     3 |     7 |     7 |       ||    17
       Throwing net      |       |       |       |       |       |       |       |     1 |       ||     1
Invok: Berserk           |     2 |     6 |     5 |     7 |     8 |     1 |     4 |       |       ||    33
       Trog's Hand       |       |       |       |     3 |     8 |     9 |    12 |     5 |     4 ||    41
       Brothers in Arms  |       |       |       |     1 |     2 |     9 |    12 |     7 |     1 ||    32
       Divine Shield     |       |       |       |       |       |       |       |       |    17 ||    17
       Brand Weapon With |       |       |       |       |       |       |       |       |     1 ||     1
       Cleansing Flame   |       |       |       |       |       |       |       |       |   153 ||   153
       Summon Divine War |       |       |       |       |       |       |       |       |    13 ||    13
 Abil: Stop Flying       |       |       |       |       |       |       |     1 |       |     1 ||     2
       Evoke Invisibilit |       |       |       |       |       |       |     1 |       |       ||     1
       Evoke Flight      |       |       |       |       |       |       |       |       |     1 ||     1
Evoke: Wand              |       |       |       |     8 |    31 |     9 |    10 |    13 |    16 ||    87
       Lamp of fire      |       |       |       |       |       |     2 |       |     4 |       ||     6
       Sack of spiders   |       |       |       |       |       |       |       |       |     3 ||     3
       Fan of gales      |       |       |       |       |       |       |       |       |     1 ||     1
  Use: Scroll            |     2 |     6 |       |    16 |    17 |     5 |    18 |    25 |    33 ||   122
       Potion            |       |       |       |       |       |     5 |     3 |     3 |    24 ||    35
 Stab: Sleeping          |     1 |       |       |       |       |       |       |       |       ||     1
       Distracted        |       |       |     1 |       |     1 |     2 |     4 |     2 |     4 ||    14
       Paralysed         |       |       |       |     4 |       |     2 |       |       |       ||     6
       Confused          |       |       |       |       |     2 |     1 |       |       |       ||     3
       Invisible         |       |       |       |       |       |     1 |     7 |       |       ||     8
       Held in net/web   |       |       |       |       |       |       |       |     1 |       ||     1
  Eat: Chunk             |     1 |    17 |    19 |    25 |    48 |    32 |    34 |    29 |    12 ||   217
       Ration            |       |       |       |     2 |     3 |     4 |     6 |     9 |    32 ||    56
Armor: Animal skin       |     2 |       |       |       |       |       |       |       |       ||     2
       Scale mail        |     9 |    24 |     6 |       |       |       |       |       |       ||    39
       Ring mail         |       |    43 |       |       |       |       |       |       |       ||    43
       Plate armour      |       |       |   177 |    45 |       |       |       |       |       ||   222
       Chain mail        |       |       |       |   289 |   499 |   244 |   702 |   425 |       ||  2159
       Swamp dragon scal |       |       |       |       |       |   517 |    13 |       |       ||   530
       Skin              |       |       |       |       |       |       |       |    13 |    81 ||    94
       Gold dragon scale |       |       |       |       |       |       |       |   497 |  2227 ||  2724
Dodge: Dodged            |    46 |   106 |   128 |   302 |   834 |  2046 |  1560 |  2141 |  4064 || 11227
Block: Other             |       |       |       |       |       |       |       |       |   128 ||   128

Table legend:
 A = Non-vault XP
 B = Vault XP
 C = Vault XP percentage of total XP
 D = Non-vault monster count
 E = Vault monster count
 F = Vault count percentage of total count
                 A         B        C        D         E       F
            +---------+---------+-------+---------+---------+-------
      Total | 1166363 |  905420 |  43.7 |    2284 |    1172 |  33.9
            +---------+---------+-------+---------+---------+-------
        D:1 |      61 |       4 |   6.2 |      23 |       2 |   8.0
        D:2 |      95 |      43 |  31.2 |      22 |       1 |   4.3
        D:3 |      41 |      98 |  70.5 |      18 |      18 |  50.0
        D:4 |     398 |     400 |  50.1 |      14 |       4 |  22.2
        D:5 |     859 |       0 |   0.0 |      20 |       0 |   0.0
        D:6 |    1034 |       0 |   0.0 |      30 |       0 |   0.0
        D:7 |     779 |     644 |  45.3 |      20 |      12 |  37.5
        D:8 |     995 |     812 |  44.9 |      22 |       7 |  24.1
        D:9 |    3685 |    1645 |  30.9 |      34 |      10 |  22.7
       D:10 |    2749 |       0 |   0.0 |      40 |       0 |   0.0
       D:11 |    3972 |     594 |  13.0 |      33 |      17 |  34.0
       D:12 |    4836 |      82 |   1.7 |      23 |       1 |   4.2
       D:13 |    9286 |    2285 |  19.7 |      39 |       2 |   4.9
       D:14 |    6735 |    3828 |  36.2 |      15 |       6 |  28.6
       D:15 |   12582 |    3208 |  20.3 |      35 |       3 |   7.9
     Lair:1 |    4481 |    2800 |  38.5 |      18 |       4 |  18.2
     Lair:2 |    3899 |       0 |   0.0 |      17 |       0 |   0.0
     Lair:3 |    7676 |    1205 |  13.6 |      33 |       7 |  17.5
     Lair:4 |    7681 |    9374 |  55.0 |      33 |      14 |  29.8
     Lair:5 |    4375 |    3046 |  41.0 |      18 |      37 |  67.3
     Lair:6 |    3366 |   11513 |  77.4 |      13 |      46 |  78.0
    Swamp:1 |   14351 |    2734 |  16.0 |      47 |       1 |   2.1
    Swamp:2 |   16632 |       0 |   0.0 |      45 |       0 |   0.0
    Swamp:3 |   14129 |    1924 |  12.0 |      35 |       2 |   5.4
    Swamp:4 |   20024 |   22763 |  53.2 |      47 |      32 |  40.5
   Spider:1 |   24933 |       0 |   0.0 |      73 |       0 |   0.0
   Spider:2 |   14468 |       0 |   0.0 |      46 |       0 |   0.0
   Spider:3 |   17322 |    5159 |  22.9 |      45 |      16 |  26.2
   Spider:4 |   13546 |   22648 |  62.6 |      33 |      53 |  61.6
    Slime:1 |    2858 |       0 |   0.0 |       2 |       0 |   0.0
    Slime:2 |   21441 |       0 |   0.0 |      35 |       0 |   0.0
    Slime:3 |    2097 |       0 |   0.0 |       5 |       0 |   0.0
    Slime:4 |    2653 |       0 |   0.0 |       2 |       0 |   0.0
    Slime:5 |   12768 |   31027 |  70.8 |      12 |      12 |  50.0
      Orc:1 |    3298 |    3613 |  52.3 |      13 |      18 |  58.1
      Orc:2 |    4610 |    8136 |  63.8 |      34 |      50 |  59.5
      Elf:1 |   12642 |    7083 |  35.9 |      19 |       9 |  32.1
      Elf:2 |   17225 |    3652 |  17.5 |      30 |       4 |  11.8
      Elf:3 |   11272 |   58196 |  83.8 |      21 |      41 |  66.1
   Vaults:1 |   12495 |   12534 |  50.1 |      24 |      14 |  36.8
   Vaults:2 |   33514 |   23391 |  41.1 |      54 |      38 |  41.3
   Vaults:3 |   13360 |   25168 |  65.3 |      23 |      29 |  55.8
   Vaults:4 |   45155 |   75394 |  62.5 |      65 |      71 |  52.2
   Vaults:5 |   32149 |  112105 |  77.7 |      45 |      73 |  61.9
    Crypt:1 |   28659 |   16743 |  36.9 |      45 |      12 |  21.1
    Crypt:2 |   18761 |   27263 |  59.2 |      26 |      52 |  66.7
    Crypt:3 |       0 |   72741 | 100.0 |       0 |     112 | 100.0
   Depths:1 |   49193 |   21225 |  30.1 |      57 |      35 |  38.0
   Depths:2 |   13076 |   11343 |  46.5 |      18 |      17 |  48.6
   Depths:3 |   23342 |    5873 |  20.1 |      33 |      12 |  26.7
   Depths:4 |    6492 |   24412 |  79.0 |       4 |      19 |  82.6
   Depths:5 |   41790 |   25707 |  38.1 |      46 |      24 |  34.3
       Hell |   23217 |   37989 |  62.1 |      36 |      54 |  60.0
      Dis:1 |    1949 |       0 |   0.0 |      12 |       0 |   0.0
      Dis:2 |    6883 |       0 |   0.0 |      19 |       0 |   0.0
      Dis:3 |   12632 |       0 |   0.0 |      27 |       0 |   0.0
      Dis:4 |   19548 |       0 |   0.0 |      24 |       0 |   0.0
      Dis:5 |   28537 |       0 |   0.0 |      41 |       0 |   0.0
      Dis:6 |   16480 |       0 |   0.0 |      25 |       0 |   0.0
      Dis:7 |    8345 |    7508 |  47.4 |      18 |       3 |  14.3
      Geh:1 |    6867 |       0 |   0.0 |      17 |       0 |   0.0
      Geh:3 |    1670 |       0 |   0.0 |       6 |       0 |   0.0
      Geh:5 |     164 |       0 |   0.0 |       1 |       0 |   0.0
      Geh:6 |     207 |       0 |   0.0 |       1 |       0 |   0.0
      Geh:7 |   46981 |   39031 |  45.4 |      54 |      28 |  34.1
      Coc:1 |    5594 |       0 |   0.0 |      20 |       0 |   0.0
      Coc:2 |    1266 |       0 |   0.0 |       7 |       0 |   0.0
      Coc:3 |   19754 |       0 |   0.0 |      28 |       0 |   0.0
      Coc:4 |   10860 |       0 |   0.0 |      27 |       0 |   0.0
      Coc:6 |    1432 |       0 |   0.0 |       7 |       0 |   0.0
      Coc:7 |   60058 |   57690 |  49.0 |      96 |      53 |  35.6
      Tar:1 |   24140 |       0 |   0.0 |      11 |       0 |   0.0
      Tar:2 |   11573 |       0 |   0.0 |      20 |       0 |   0.0
      Tar:3 |   28584 |       0 |   0.0 |      37 |       0 |   0.0
      Tar:4 |   41677 |       0 |   0.0 |      50 |       0 |   0.0
      Tar:5 |   31685 |       0 |   0.0 |      33 |       0 |   0.0
      Tar:6 |   19784 |       0 |   0.0 |      33 |       0 |   0.0
      Tar:7 |   73710 |   48823 |  39.8 |      72 |      33 |  31.4
    Abyss:4 |    4881 |   13309 |  73.2 |       9 |       9 |  50.0
        Pan |   34045 |   17798 |  34.3 |      49 |      16 |  24.6
     WizLab |       0 |   20857 | 100.0 |       0 |      39 | 100.0
            +---------+---------+-------+---------+---------+-------
